 Seeded DCSS version 0.29.1-15-g9cfb28693d (webtiles) character file.

Game seed: 14780160292822732596 (custom seed)

2482 Mickster the Trooper (level 9, -3/79 HPs)
             Began as a Hill Orc Berserker on May 14, 2023.
             Was a Priest of Trog.
             Slain by a vampire mosquito (5 damage)
             ... on level 8 of the Dungeon.
             The game lasted 00:45:32 (5597 turns).

Mickster the Trooper (Hill Orc Berserker)           Turns: 5597, Time: 00:45:32

Health: -3/79      AC: 13    Str: 22    XL:     9   Next: 51%
Magic:  9/9        EV:  9    Int:  7    God:    Trog [***...]
Gold:   274        SH:  0    Dex: 12    Spells: 8/8 levels left

rFire   . . .      SeeInvis +   n - +8 dagger of Feywar {chaos, rPois rN+}
rCold   + . .      Faith    .   (no shield)
rNeg    + . .      Spirit   .   j - +0 chain mail
rPois   +          Reflect  .   (no helmet)
rElec   .          Harm     .   l - +0 cloak
rCorr   .          Rampage  .   i - +1 pair of gloves
Will    .....                   (no boots)
Stlth   ..........              (no amulet)
HPRegen 0.23/turn               k - ring of see invisible
MPRegen 0.11/turn               b - ring of protection from cold

@: on berserk cooldown
A: no striking features
a: Renounce Religion, Berserk, Trog's Hand


You were on level 8 of the Dungeon.
You worshipped Trog.
Trog was most pleased with you.
You visited 1 branch of the dungeon, and saw 8 of its levels.

You collected 274 gold pieces.

Inventory:

Hand Weapons
 m - a +0 sling
 n - the +8 dagger of Feywar (weapon) {chaos, rPois rN+}
   (You found it on level 5 of the Dungeon)

   Each time it hits an enemy it has a different, random effect.
   rPois:     It protects you from poison.
   rN:        It protects you from negative energy.
 o - a +0 flail of protection
 q - the +9 dagger of Evuic {antimagic, rF++ rC+ Str-4 Stlth+}
   (You found it on level 5 of the Dungeon)

   It reduces the magical energy of the wielder, and disrupts the spells and
   magical abilities of those it strikes.
   Natural abilities and divine invocations are not affected.
   Str:       It affects your strength (-4).
   rF:        It greatly protects you from fire.
   rC:        It protects you from cold.
   Stlth:     It makes you more stealthy.
 r - a +2 dagger of venom
 y - a +0 war axe
 A - a +3 spear of freezing
 C - a +3 short sword
Missiles
 c - 3 boomerangs
 p - 31 poisoned darts
 s - a curare-tipped dart
 B - 3 atropa-tipped darts (quivered)
Armour
 g - the +3 leather armour "Kaefuluh" {Stlth+}
   (You found it on level 5 of the Dungeon)

   Stlth:     It makes you more stealthy.
 i - a +1 pair of gloves (worn)
 j - a +0 chain mail (worn)
 l - a +0 cloak (worn)
Jewellery
 b - a ring of protection from cold (right hand)
 k - a ring of see invisible (left hand)
Wands
 v - a wand of roots (9)
 x - a wand of polymorph (8)
 D - a wand of flame (7)
Scrolls
 f - 2 scrolls of immolation
 h - a scroll of poison
 u - a scroll of silence
Potions
 a - a potion of magic {unknown}
 d - a potion of heal wounds
 e - a potion of berserk rage
 t - a potion of curing


   Skills:
 + Level 7.4 Fighting
 * Level 6.8 Short Blades
 - Level 6.3(6.4) Axes
 - Level 0.8(3.3) Maces & Flails
 * Level 4.1 Throwing
 + Level 6.1 Armour
 + Level 3.0 Dodging
 + Level 1.2 Stealth


You had 8 spell levels left.
You didn't know any spells.
Your spell library was empty.

Dungeon Overview and Level Annotations

Branches:
Dungeon (8/15)             Temple (0/1) D:6
   Lair: D:8-11

Altars:
Makhleb
Wu Jian
The Shining One

Shops:
D:3 ??


Message History

The centaur shoots an arrow.
The arrow hits you. The water moccasin barely misses you.
The vampire mosquito bites you but does no damage.
The centaur shoots an arrow.
The arrow misses you.
You puncture the water moccasin!
You kill the water moccasin!
Trog accepts your kill. The vampire mosquito bites you.
The centaur shoots an arrow.
The arrow hits you.
* * * LOW HITPOINT WARNING * * *
The vampire mosquito bites you!
* * * LOW HITPOINT WARNING * * *
The vampire mosquito draws strength from your injuries!
The vampire mosquito barely misses you.
You closely miss the vampire mosquito.
The centaur unwields a +0 shortbow.
The centaur hits you.
* * * LOW HITPOINT WARNING * * *
The centaur kicks you but does no damage.
The vampire mosquito bites you.
* * * LOW HITPOINT WARNING * * *
The vampire mosquito draws strength from your injuries!
You hit the vampire mosquito.
The vampire mosquito suddenly seems more agile.
The vampire mosquito is lightly damaged.
The vampire mosquito barely misses you. The centaur closely misses you. x2
The bullfrog hits you but does no damage.
You closely miss the vampire mosquito.
The vampire mosquito is lightly damaged.
The vampire mosquito completely misses you.
The centaur closely misses you.
The centaur kicks you but does no damage.
The bullfrog hits you.
* * * LOW HITPOINT WARNING * * *
The vampire mosquito bites you.
* * * LOW HITPOINT WARNING * * *
You hit the vampire mosquito. You freeze the vampire mosquito.
The vampire mosquito is moderately damaged.
The centaur barely misses you. The centaur completely misses you.
The vampire mosquito bites you.
You die...

## #.# . ###..#..
##.(... #.....
#...# #######..#
##?...##.c###.##.
###......#@yY......
# #. #...#.F##.#..#
#.#. #......# #
##.#.####.....>#..
#....#.##..#~~~~~~~
......##..~######F.
#...##..~#
#.<.##.!~#
###..#..~#


You could see a vampire mosquito (agile), a sky beast, a bullfrog and a centaur.

Vanquished Creatures
  A kobold demonologist (D:8)
  A yak (D:8)
  A water moccasin (D:8)
  An ice beast (D:5)
  A sky beast (D:7)
  An ogre (D:5)
  A centaur (D:6)
  6 kobold brigands
  2 necrophages
  A scorpion (D:6)
  4 wights (D:6)
  A killer bee (D:8)
  A howler monkey (D:5)
  3 hounds
  2 orc priests (D:5)
  A jelly (D:5)
  6 iguanas
  3 orc wizards
  13 gnolls
  7 adders
  A white imp (D:5)
  2 dart slugs
  A worm (D:3)
  22 orcs
  3 ball pythons
  3 bats
  2 endoplasms
  4 giant cockroaches
  12 hobgoblins
  3 jackals (D:4)
  2 quokkas (D:3)
  A frilled lizard (D:1)
  9 goblins
  52 kobolds
  2 rats
  A rat zombie (D:6)
177 creatures vanquished.

Vanquished Creatures (others)
  5 toadstools (D:1)
5 creatures vanquished.

Grand Total: 182 creatures vanquished

Notes
Turn   | Place    | Note
-------+----------+-------------------------------------------
     0 | D:1      | Mickster the Hill Orc Berserker began the quest for the
                  | Orb.
     0 | D:1      | Reached XP level 1. HP: 19/19 MP: 1/1
   250 | D:1      | Reached XP level 2. HP: 14/27 MP: 2/2
   286 | D:1      | Reached skill level 4 in Fighting
   708 | D:2      | You fall into a shaft and drop 1 floor!
   830 | D:3      | Found Petharph's Magic Scroll Emporium.
   912 | D:2      | Reached skill level 5 in Axes
   912 | D:2      | Reached XP level 3. HP: 25/33 MP: 3/3
  1256 | D:3      | Found Irang's Magic Scroll Boutique.
  1480 | D:3      | Found an ornate altar of the Wu Jian Council.
  1480 | D:3      | Found a burning altar of Makhleb.
  1706 | D:4      | Noticed a necrophage
  1717 | D:4      | Killed a necrophage
  1718 | D:4      | Reached XP level 4. HP: 25/41 MP: 4/4
  2133 | D:4      | Reached skill level 5 in Fighting
  2133 | D:4      | Reached XP level 5. HP: 34/48 MP: 5/5
  2400 | D:5      | Entered Level 5 of the Dungeon
  2517 | D:5      | Noticed an ice beast
  2531 | D:5      | Killed an ice beast
  2532 | D:5      | Reached XP level 6. HP: 54/56 MP: 6/6
  2837 | D:5      | Identified the +3 leather armour "Kaefuluh" {Stlth+}
  2848 | D:5      | Identified the +8 dagger of Feywar {chaos, rPois rN+}
  2929 | D:5      | Reached ** piety under Trog
  2986 | D:5      | Reached skill level 1 in Throwing
  3048 | D:5      | Reached skill level 1 in Short Blades
  3048 | D:5      | Reached XP level 7. HP: 53/62 MP: 7/7
  3110 | D:5      | Reached skill level 6 in Fighting
  3210 | D:5      | Identified the +9 dagger of Evuic {antimagic, rF++ rC+
                  | Str-4 Stlth+}
  3414 | D:5      | Reached XP level 8. HP: 69/71 MP: 8/8
  3438 | D:5      | Reached *** piety under Trog
  3691 | D:5      | Found a glowing golden altar of the Shining One.
  3845 | D:6      | Found a sand-covered staircase.
  3951 | D:6      | Reached skill level 5 in Short Blades
  3979 | D:6      | Found a staircase to the Ecumenical Temple.
  4291 | D:6      | Reached skill level 1 in Stealth
  4322 | D:6      | Reached skill level 5 in Armour
  4413 | D:6      | Reached XP level 9. HP: 68/77 MP: 9/9
  4626 | D:6      | Reached skill level 7 in Fighting
  5282 | D:7      | Reached **** piety under Trog
  5539 | D:8      | Noticed a kobold demonologist
  5558 | D:8      | Killed a kobold demonologist
  5596 | D:8      | HP: 1/79 [vampire mosquito (4)]
  5597 | D:8      | Slain by a vampire mosquito

Illustrated notes

Levels and vault maps discovered:
D:1:      ldierk_walled_garden, layout_basic, serial_corexii_hall,
          chequers_hall_statues_wall_a, corexii_hall_statues_u
D:2:      layout_basic, ebering_ecumenical_altar_ruins, basic_altar,
          amethyst_killhole, hangedman_decor_slide_cut, mrwooster_statue_mirror,
          uniq_sigmund
D:3:      layout_loops_ring, nicolae_overflow_two_pavilions, serial_shops, shop,
          shop, kennysheep_small_spiral
D:4:      layout_rooms, nrook_mini_vaults, supply_closet_lemuel
D:5:      minmay_goblin_kobold_castle, layout_basic, old_standard_altar,
          mainiacjoe_overflow_catwalk, minmay_misc_feat_pillars
D:6:      corexii_shantytown, layout_basic, minmay_temple_entry_ruins,
          enter_ossuary_3
D:7:      layout_layer_cave, enter_bailey_3
D:8:      cheibrodos_ideogram_h, layout_cave_pools, cheibriados_altar_1,
          gammafunk_temple_overflow_statue, grunt_decor_mini_mirrors,
          minmay_misc_feat_cross, minmay_fractal_squares_diagonal_5

Skill      XL: |  1  2  3  4  5  6  7  8  9 |
---------------+----------------------------+-----
Fighting       | 4 5 6 7 |  7.4
Axes           | 5 6 |  6.3
Dodging        | 2 3 |  3.0
Throwing       | 1 2 3 4 |  4.1
Short Blades   | 1 3 5 6 |  6.8
Armour         | 3 5 6 |  6.1
Stealth        | 1 |  1.2
Maces & Flails | |  0.8

Action                   |  1- 3 |  4- 6 |  7- 9 || total
-------------------------+-------+-------+-------++-------
Melee: Hand axe          |   104 |    26 |       ||   130
       Punch             |     2 |       |     5 ||     7
       Dagger            |       |    29 |   344 ||   373
       Flail             |       |    13 |       ||    13
Throw: Boomerang         |       |     2 |       ||     2
Invok: Berserk           |     1 |     3 |     8 ||    12
       Trog's Hand       |       |     1 |     6 ||     7
  Use: Potion            |     3 |       |     5 ||     8
       Scroll            |     1 |     3 |     3 ||     7
 Stab: Confused          |       |       |     1 ||     1
Armor: Animal skin       |    19 |       |       ||    19
       Chain mail        |    11 |    67 |   258 ||   336
Dodge: Dodged            |    57 |    45 |   180 ||   282
